 Dungeon Crawl Stone Soup version 0.30-a0-1103-g25895a7845 (webtiles) character file.

Game seed: 741455607731325085

51 bande the Covered (level 3, -4/24 HPs)
             Began as a Gargoyle Fighter on Apr 18, 2023.
             Killed from afar by Ijyb (11 damage)
             ... with a bolt of dispelling energy
             ... on level 2 of the Dungeon.
             The game lasted 00:01:58 (1498 turns).

bande the Covered (Gargoyle Fighter)                Turns: 1498, Time: 00:02:00

Health: -4/24      AC: 11    Str: 19    XL:     3   Next: 83%
Magic:  3/3        EV:  9    Int:  8    God:
Gold:   68         SH:  5    Dex: 11    Spells: 2/2 levels left

rFire   . . .      SeeInvis .    a - +0 war axe
rCold   . . .      Faith    .    c - +1 buckler
rNeg    + . .      Spirit   .    b - +0 scale mail
rPois   ∞          Reflect  .    j - +0 helmet
rElec   +          Rampage  .    (no cloak)
rCorr   .                        (no gloves)
Will    .....                    (no boots) Stlth
                                 (no amulet)
HPRegen 0.24/turn                (no ring)
MPRegen 0.08/turn                (no ring)

@: no status effects
A: sickness immunity, AC +3, negative energy resistance 1, electricity
resistance, torment resistance 1, petrification resistance
a: no special abilities


You were on level 2 of the Dungeon.
You visited 1 branch of the dungeon, and saw 2 of its levels.

You collected 68 gold pieces.

Inventory:

Hand Weapons
 a - a +0 war axe (weapon)
Armour
 b - a +0 scale mail (worn)
 c - a +1 buckler (worn)
 j - a +0 helmet (worn)
Jewellery
 e - an amulet of guardian spirit
Scrolls
 g - 2 scrolls of amnesia
Potions
 d - a potion of might
 f - a potion of attraction {unknown}
 h - a potion of brilliance
 i - 2 potions of haste


   Skills:
 + Level 3.7 Fighting
 + Level 2.7 Axes
 + Level 3.9 Armour
 + Level 3.5 Shields


You had 2 spell levels left.
You didn't know any spells.
Your spell library was empty.

Dungeon Overview and Level Annotations

Branches:
Dungeon (2/15)

Altars:

Annotations:
D:2 Ijyb


Innate Abilities, Weirdness & Mutations

You are immune to sickness and miasma.
Your stone body is resilient. (AC +3)
You are immune to poison.
You resist negative energy. (rN+)
You are resistant to electric shocks. (rElec)
You are resistant to unholy torment.
You are immune to petrification.


Message History

No target in view!
No target in view!
You climb downwards.
Level annotation: Ijyb The goblin hits you but does no damage. x2
There is a stone staircase leading up here.
The goblin hits you but does no damage. You block the goblin's attack.
You climb upwards.
There is a stone staircase leading down here.
You closely miss the goblin. You hit the goblin.
You kill the goblin!
The goblin hits you but does no damage. You block the goblin's attack.
You slash the goblin!
You kill the goblin!
No target in view!
No target in view!
No target in view!
No target in view!
No target in view!
You start waiting.
Done waiting.
You climb downwards.
Level annotation: Ijyb
There is a stone staircase leading up here.
You closely miss Ijyb. Ijyb hits you but does no damage.
You closely miss Ijyb. Ijyb hits you with a +0 dagger. Ijyb barely misses you.
You hit Ijyb.
Ijyb is lightly wounded.
Ijyb hits you but does no damage.
You barely miss Ijyb.
Ijyb is lightly wounded.
Ijyb zaps a wand.
The bolt of dispelling energy misses you.
You hit Ijyb but do no damage.
Ijyb is lightly wounded.
Ijyb zaps a wand.
The bolt of dispelling energy hits you!
Ouch! That really hurt!
* * * LOW HITPOINT WARNING * * *
Ijyb zaps a wand.
The bolt of dispelling energy hits you!
You die...

#.# ########### #.#
#.........# ## #.#
#.........# .# #.#
#.........# .# #.#
#.........# )# #.#
#.........# .###.####
#.........#
.'......###.....<...#
.###...>..'.....@...#
.######.###.....g...#
......#..##.........#
..###.#..##.........+
#.# #.#.............##
#.#
#^#...................
#.#
#.#.#......#.#.#######
#.###.#.#....#.#.#.#
#.....#.+....+...#.#


You could see Ijyb.

Vanquished Creatures
  An adder (D:2)
  2 dart slugs
  4 ball pythons
  2 bats
  7 endoplasms
  6 goblins (D:1)
  A hobgoblin (D:1)
  4 jackals (D:1)
  2 frilled lizards (D:1)
  5 kobolds
  3 rats (D:1)
37 creatures vanquished.

Notes
Turn   | Place    | Note
-------+----------+-------------------------------------------
     0 | D:1      | bande the Gargoyle Fighter began the quest for the Orb.
     0 | D:1      | Reached XP level 1. HP: 14/14 MP: 1/1
     0 | D:1      | Noticed an orb of fire
     0 | D:1      | Noticed a tentacled monstrosity
     1 | D:1      | Noticed a tentacled monstrosity
     3 | D:1      | Noticed a large abomination
     6 | D:1      | Noticed a shadow dragon
     9 | D:1      | Noticed a tentacled monstrosity
    11 | D:1      | Noticed a shadow dragon
    16 | D:1      | Noticed an ice dragon
    18 | D:1      | Noticed a tentacled monstrosity
    18 | D:1      | Noticed a large abomination
    20 | D:1      | Noticed an ice dragon
    20 | D:1      | Noticed an ice dragon
   175 | D:1      | Reached XP level 2. HP: 19/19 MP: 2/2
   703 | D:1      | Reached XP level 3. HP: 10/23 MP: 3/3
  1181 | D:2      | Noticed Ijyb
  1498 | D:2      | Killed from afar by Ijyb

Illustrated notes

Levels and vault maps discovered:
D:1:      shiori_arrival_whats_in_store_for_you, layout_loops_corners
D:2:      kennysheep_the_goblin_king, layout_basic

Skill      XL: |  1 |
---------------+----+-----
Axes           | 2 |  2.7
Fighting       | |  3.7
Armour         | |  3.9
Shields        | |  3.5

Action                     || total
---------------------------++-------
  Melee: War axe           ||    97
    Use: Scroll            ||     6
 Armour: Scale mail        ||    56
  Dodge: Dodged            ||    49
  Block: Buckler           ||    17

Table legend: (Time is in decaauts)
 A = Elapsed time spent in this place.
 B = Non-inter-level travel time spent in this place.
 C = Inter-level travel time spent in this place.
 D = Time resting spent in this place.
 E = Time spent auto-exploring this place.
 F = Levels seen in this place.
 G = Mean time per level.
                   A        B        C        D        E       F      G
               +--------+--------+--------+--------+--------+-----+--------+
         Total |   1543 |   1481 |     62 |    316 |    878 |   2 |  771.5 |
       Dungeon |   1543 |   1481 |     62 |    316 |    878 |   2 |  771.5 |
               +--------+--------+--------+--------+--------+-----+--------+

Top non-repeatable levels by time:
     D:1: 1324 daAuts
     D:2: 218 daAuts
